 Dungeon Crawl Stone Soup version 0.21.1-1-g345015f (webtiles) character file.

239 tidbits the Sneak (level 6, 0/44 HPs)
             Began as a Gnoll Enchanter on June 8, 2018.
             Was an Initiate of Cheibriados.
             Slain by a bullfrog skeleton (5 damage)
             ... on level 6 of the Dungeon.
             The game lasted 00:09:32 (760 turns).

tidbits the Sneak (Gnoll Enchanter)                  Turns: 760, Time: 00:09:32

Health: 0/44       AC:  2    Str: 11    XL:     6   Next: 7%
Magic:  2/13       EV: 15    Int: 20    God:    Cheibriados [......]
Gold:   95         SH:  0    Dex: 17    Spells: 1/15 levels left

rFire    . . .     SeeInvis .   s - +0 long sword
rCold    . . .     Gourm    .   (no shield)
rNeg     . . .     Faith    .   b - +0 robe
rPois    .         Spirit   .   (no helmet)
rElec    .         Reflect  .   (no cloak)
rCorr    .         Harm     .   (no gloves)
MR       .....                  (no boots)
Stlth    +++.......             (no amulet)
HPRegen  0.14/turn              (no ring)
MPRegen  0.13/turn              (no ring)

@: very slow
A: distributed training, fangs 1, strong nose
a: Bend Time, Renounce Religion


You were on level 6 of the Dungeon.
You worshipped Cheibriados.
Cheibriados was noncommittal.
You were not hungry.

You visited 2 branches of the dungeon, and saw 7 of its levels.

You collected 95 gold pieces.

Inventory:

Hand Weapons
 a - a +1 dagger
 l - a +0 hunting sling
 s - a +0 long sword (weapon)
Missiles
 g - 17 arrows
 h - 73 stones (quivered)
 i - 24 sling bullets
Armour
 b - a +0 robe (worn)
Wands
 r - a wand of digging (14)
Scrolls
 j - 2 scrolls of amnesia
 k - 2 scrolls of teleportation
 m - a scroll of random uselessness
 n - a scroll of blinking
 p - a scroll of remove curse {unknown}
 t - a scroll of fog
Potions
 e - 3 potions of lignification {unknown}
 f - a potion of curing {unknown}
 q - a potion of heal wounds {unknown}
 u - a potion of mutation {unknown}
Books
 c - a book of Maledictions

   Spells                             Type                      Level
   a - Corona                         Hexes                        1
   b - Ensorcelled Hibernation        Hexes/Ice                    2
   c - Confuse                        Hexes                        3
   d - Tukima's Dance                 Hexes                        3
   e - Dazzling Spray                 Conjuration/Hexes            3
 o - a book of Changes
   (You found it on level 3 of the Dungeon)

   Spells                             Type                      Level
   a - Beastly Appendage              Transmutation                1
   b - Sticks to Snakes               Transmutation                2
   c - Spider Form                    Transmutation/Poison         3
   d - Ice Form                       Ice/Transmutation            4
   e - Blade Hands                    Transmutation                5
Comestibles
 d - 7 rations


   Skills:
 + Level 1.7 Fighting
 + Level 3.1 Short Blades
 + Level 1.7 Long Blades
 + Level 1.7 Axes
 + Level 1.7 Maces & Flails
 + Level 1.7 Polearms
 + Level 1.7 Staves
 + Level 1.7 Slings
 + Level 1.7 Bows
 + Level 1.7 Crossbows
 + Level 1.7 Throwing
 + Level 1.7 Armour
 + Level 4.9 Dodging
 + Level 6.2 Stealth
 + Level 1.7 Shields
 + Level 1.7 Unarmed Combat
 + Level 5.3 Spellcasting
 + Level 1.3 Conjurations
 + Level 5.6 Hexes
 + Level 1.3 Charms
 + Level 1.3 Summonings
 + Level 1.3 Necromancy
 + Level 1.3 Translocations
 + Level 1.3 Transmutations
 + Level 1.3 Fire Magic
 + Level 1.3 Ice Magic
 + Level 1.3 Air Magic
 + Level 1.3 Earth Magic
 + Level 1.3 Poison Magic
 + Level 2.0 Invocations
 + Level 1.7 Evocations


You had one spell level left.
You knew the following spells:

 Your Spells              Type           Power        Failure   Level  Hunger
a - Corona                Hex            ####...      1%          1    None
c - Confuse               Hex            ####....     3%          3    ##.....
d - Dazzling Spray        Conj/Hex       ###...       8%          3    ##.....
e - Ensorcelled Hibernat  Hex/Ice        ###...       4%          2    None
k - Sticks to Snakes      Tmut           ##......     10%         2    None
u - Tukima's Dance        Hex            ####....     3%          3    ##.....


Dungeon Overview and Level Annotations

Branches:
Dungeon (6/15)             Temple (1/1) D:6

Altars:
Cheibriados
Fedhas
Gozag
Hepliaklqana
Nemelex Xobeh
Okawaru
Qazlal
Sif Muna
Wu Jian
Yredelemnul

Shops:
D:5 }


Innate Abilities, Weirdness & Mutations

Your experience applies equally to all skills.
You have very sharp teeth.
Your uncanny sense of smell can sniff out nearby items.


Message History

The bullfrog zombie misses you.
Casting: Confuse
Confirm with . or Enter, or press ? or * to list all spells.
Aiming: Confuse
Press: ? - help, Shift-Dir - straight line, f/p - bullfrog zombie
Aim: a bullfrog zombie (chance to defeat MR: 68%)
The bullfrog zombie struggles to resist.
The bullfrog zombie hits you.
Casting: Confuse
Confirm with . or Enter, or press ? or * to list all spells.
Aiming: Confuse
Press: ? - help, Shift-Dir - straight line, f/p - bullfrog zombie
Aim: a bullfrog zombie (chance to defeat MR: 68%)
The bullfrog zombie struggles to resist.
The bullfrog zombie misses you.
A bullfrog skeleton comes into view.
The bullfrog zombie completely misses you.
Found a stone staircase leading down.
The bullfrog zombie closely misses you. The bullfrog zombie misses you.
The bullfrog zombie barely misses you. The bullfrog skeleton hits you.
The bullfrog skeleton barely misses you.
The bullfrog zombie barely misses you. The bullfrog skeleton hits you.
The bullfrog zombie misses you.
Casting: Confuse
Confirm with . or Enter, or press ? or * to list all spells.
You create a snake!
You now have 17 arrows.
The bullfrog skeleton closely misses you.
The bullfrog zombie barely misses you. The bullfrog skeleton misses you.
You barely miss the bullfrog zombie.
The bullfrog zombie hits you but does no damage.
The bullfrog skeleton hits you.
You barely miss the bullfrog zombie. The bullfrog zombie barely misses you.
The bullfrog skeleton hits you.
Your ball python bites the bullfrog zombie.
Your ball python grabs the bullfrog zombie.
Your ball python constricts the bullfrog zombie.
You hit the bullfrog zombie.
The bullfrog zombie is lightly damaged.
The bullfrog zombie hits you.
The bullfrog skeleton closely misses you.
Your ball python bites the bullfrog zombie.
Your ball python constricts the bullfrog zombie.
You hit the bullfrog zombie.
You bite the bullfrog zombie, but do no damage.
The bullfrog zombie is moderately damaged.
The bullfrog zombie hits you. The bullfrog skeleton hits you.
Your ball python bites the bullfrog zombie.
Your ball python constricts the bullfrog zombie.
You hit the bullfrog zombie.
The bullfrog zombie is heavily damaged.
The bullfrog zombie misses you.
The bullfrog skeleton completely misses you.
Your ball python bites the bullfrog zombie.
Your ball python constricts the bullfrog zombie.
The bullfrog zombie closely misses your ball python.
You hit the bullfrog zombie. You bite the bullfrog zombie.
The bullfrog zombie is severely damaged.
The bullfrog skeleton hits you.
* * * LOW HITPOINT WARNING * * *
Your ball python bites the bullfrog zombie.
Your ball python constricts the bullfrog zombie.
The bullfrog zombie closely misses you.
You hit the bullfrog zombie.
The bullfrog zombie is severely damaged.
The bullfrog skeleton closely misses you.
Your ball python bites the bullfrog zombie.
Your ball python constricts the bullfrog zombie.
The bullfrog zombie hits your ball python.
Your ball python dies!
The bullfrog skeleton hits you.
* * * LOW HITPOINT WARNING * * *
Casting: Sticks to Snakes
Confirm with . or Enter, or press ? or * to list all spells.
You don't have enough magic to cast that spell.
Evoke which item? (* to show all) (? for menu, Esc to quit)
Okay, then.
Wield which item (- for none, * to show all)? (? for menu, Esc to quit)
s - a +0 long sword (weapon)
The bullfrog zombie misses you.
You hit the bullfrog zombie.
The bullfrog zombie is almost destroyed.
The bullfrog zombie hits you.
* * * LOW HITPOINT WARNING * * *
The bullfrog zombie hits you.
* * * LOW HITPOINT WARNING * * *
You slash the bullfrog zombie!
You destroy the bullfrog zombie!
Cheibriados appreciates the change of pace.
Your Invocations skill increases to level 2!
You have reached level 6!
Your experience leads to an increase in your attributes!
Your base attributes are Str 10, Int 18, Dex 16.
Increase (S)trength, (I)ntelligence, or (D)exterity?
You feel clever.
You barely miss the bullfrog skeleton. The bullfrog skeleton hits you!
* * * LOW HITPOINT WARNING * * *
The bullfrog skeleton hits you.
You die...

###### ##.....##
##.......## #.........#
#.........#
#.........######
#########...............
.......@Z.......#.#...##
#########....:.#.#.#...#
#......#.#.#.#...
...........#.>.#..#
#####.....#.#.#[#.#
#>.....#.#.#..##
##?.....#.#.Z..#
##.............
#...##.####...#


You could see a bullfrog skeleton.

Vanquished Creatures
  A crimson imp (D:6)
  A bullfrog zombie (D:6)
  2 hounds
  Jessica (D:2)
  Ijyb (D:4)
  3 adders
  An ooze (D:4)
  A worm (D:2)
  A dart slug (D:1)
  2 leopard geckos
  4 bats
  3 giant cockroaches
  4 goblins
  5 hobgoblins
  A quokka (D:3)
  A frilled lizard (D:1)
  5 kobolds
  2 rats
39 creatures vanquished.

Notes
Turn   | Place    | Note
-------+----------+-------------------------------------------
     0 | D:1      | tidbits the Gnoll Enchanter began the quest for the Orb.
     0 | D:1      | Reached XP level 1. HP: 13/13 MP: 6/6
    75 | D:1      | Reached XP level 2. HP: 19/19 MP: 5/7
   103 | D:1      | Learned a level 2 spell: Ensorcelled Hibernation
   224 | D:2      | Noticed Jessica
   226 | D:2      | Reached XP level 3. HP: 10/25 MP: 2/9
   232 | D:2      | Learned a level 3 spell: Confuse
   236 | D:2      | Learned a level 3 spell: Tukima's Dance
   276 | D:2      | Killed Jessica
   276 | D:2      | Reached skill level 6 in Stealth
   276 | D:2      | Reached skill level 5 in Spellcasting
   276 | D:2      | Reached skill level 1 in Invocations
   280 | D:2      | Reached skill level 1 in Fighting
   280 | D:2      | Reached skill level 1 in Long Blades
   280 | D:2      | Reached skill level 1 in Axes
   280 | D:2      | Reached skill level 1 in Maces & Flails
   280 | D:2      | Reached skill level 1 in Polearms
   280 | D:2      | Reached skill level 1 in Staves
   280 | D:2      | Reached skill level 1 in Slings
   280 | D:2      | Reached skill level 1 in Bows
   280 | D:2      | Reached skill level 1 in Crossbows
   280 | D:2      | Reached skill level 1 in Throwing
   280 | D:2      | Reached skill level 1 in Armour
   280 | D:2      | Reached skill level 1 in Shields
   280 | D:2      | Reached skill level 1 in Unarmed Combat
   280 | D:2      | Reached skill level 1 in Evocations
   280 | D:2      | Reached XP level 4. HP: 18/32 MP: 2/11
   378 | D:3      | Reached skill level 1 in Conjurations
   378 | D:3      | Reached skill level 1 in Charms
   378 | D:3      | Reached skill level 1 in Summonings
   378 | D:3      | Reached skill level 1 in Necromancy
   378 | D:3      | Reached skill level 1 in Translocations
   378 | D:3      | Reached skill level 1 in Transmutations
   378 | D:3      | Reached skill level 1 in Fire Magic
   378 | D:3      | Reached skill level 1 in Ice Magic
   378 | D:3      | Reached skill level 1 in Air Magic
   378 | D:3      | Reached skill level 1 in Earth Magic
   378 | D:3      | Reached skill level 1 in Poison Magic
   465 | D:3      | Learned a level 3 spell: Dazzling Spray
   521 | D:3      | Reached XP level 5. HP: 35/37 MP: 9/12
   525 | D:3      | Learned a level 2 spell: Sticks to Snakes
   585 | D:4      | Noticed Ijyb
   593 | D:4      | Killed Ijyb
   624 | D:5      | Entered Level 5 of the Dungeon
   624 | D:5      | Found Dorumul's Gadget Emporium.
   664 | D:5      | Reached skill level 3 in Short Blades
   693 | D:6      | Found a staircase to the Ecumenical Temple.
   704 | Temple   | Entered the Ecumenical Temple
   718 | Temple   | Became a worshipper of Cheibriados the Contemplative
   759 | D:6      | Reached skill level 2 in Invocations
   759 | D:6      | Reached XP level 6. HP: 11/44 MP: 1/13
   760 | D:6      | Slain by a bullfrog skeleton

Skill      XL: |  1  2  3  4  5 |
---------------+----------------+-----
Stealth        | 6 |  6.2
Spellcasting   | 5 |  5.3
Invocations    | 1 2 |  2.0
Fighting       | 1 |  1.7
Long Blades    | 1 |  1.7
Axes           | 1 |  1.7
Maces & Flails | 1 |  1.7
Polearms       | 1 |  1.7
Staves         | 1 |  1.7
Slings         | 1 |  1.7
Bows           | 1 |  1.7
Crossbows      | 1 |  1.7
Throwing       | 1 |  1.7
Armour         | 1 |  1.7
Shields        | 1 |  1.7
Unarmed Combat | 1 |  1.7
Evocations     | 1 |  1.7
Conjurations   | 1 |  1.3
Charms         | 1 |  1.3
Summonings     | 1 |  1.3
Necromancy     | 1 |  1.3
Translocations | 1 |  1.3
Transmutations | 1 |  1.3
Fire Magic     | 1 |  1.3
Ice Magic      | 1 |  1.3
Air Magic      | 1 |  1.3
Earth Magic    | 1 |  1.3
Poison Magic   | 1 |  1.3
Short Blades   | 3 |  3.1
Dodging        | |  4.9
Hexes          | |  5.6

Action                   |  1- 3 |  4- 6 || total
-------------------------+-------+-------++-------
Melee: Dagger            |    49 |    30 ||    79
       Bite              |     7 |     2 ||     9
       Long sword        |       |     3 ||     3
 Cast: Corona            |    13 |       ||    13
       Ensorcelled Hiber |     6 |    21 ||    27
       Confuse           |       |     5 ||     5
       Sticks to Snakes  |       |     1 ||     1
  Use: Scroll            |       |     5 ||     5
 Stab: Sleeping          |     8 |    15 ||    23
       Confused          |       |     1 ||     1
Armor: Robe              |    12 |     4 ||    16
Dodge: Dodged            |    29 |    41 ||    70

Table legend:
 A = Turns spent in this place as a percentage of turns spent in the entire game.
 B = Non-inter-level travel turns spent in this place as a percentage of non-inter-level travel turns spent in the entire game.
 C = Inter-level travel turns spent in this place as a percentage of turns spent in this place.
 D = Turns resting spent in this place as a percentage of non-inter-level travel turns spent in this place.
 E = Turns spent auto-exploring this place as a percentage of non-inter-level travel turns spent in this place.
 F = Non-inter-level travel turns spent in this place divided by the number of levels of this place that you've seen.
                   A       B       C       D       E      F
               +-------+-------+-------+-------+-------+----------------------
         Total | 100.0 | 100.0 |   1.7 |   0.0 |   0.0 | 106.7
       Dungeon |  96.2 |  97.9 |   0.0 |   0.0 |   0.0 | 121.8
        Temple |   3.8 |   2.1 |  44.8 |   0.0 |   0.0 |  16.0
               +-------+-------+-------+-------+-------+----------------------

Table legend:
 A = Kills in this place as a percentage of kills in entire the game.
 B = Kills by you in this place as a percentage of kills by you in the entire game.
 C = Kills by friends in this place as a percentage of kills by friends in the entire game.
 D = Other kills in this place as a percentage of other kills in the entire game.
 E = Experience gained in this place as a percentage of experience gained in the entire game.
 F = Experience gained in this place divided by the number of levels of this place that you have seen.
                   A       B       C       D       E      F
               +-------+-------+-------+-------+-------+----------------------
         Total | 100.0 | 100.0 |   N/A |   N/A | 100.0 |  48.9
       Dungeon | 100.0 | 100.0 |   N/A |   N/A | 100.0 |  57.0
               +-------+-------+-------+-------+-------+----------------------

Vault maps used:
D:1:      dpeg_arrival_chambers_temple_mockup, lemuel_another_geyser
D:2:      minmay_item_behind_shaft, uniq_jessica, uniq_robin
D:4:      first_ration, minmay_ogre_servants, uniq_ijyb
D:5:      kennysheep_slugbush, gammafunk_temple_overflow_elements, serial_shops,
          shop, dk_noncrumbling_2, sigmund_army
D:6:      lemuel_coloured_pillars_altar, minmay_temple_entry_grid,
          enter_ossuary_5
Temple:   compressed_dpeg_circular_temple
